 Dungeon Crawl Stone Soup version 0.27.0-1-g7a089689b8 (webtiles) character file.

Game seed: 7281423163899081252

12066 sasquatch the Unseen (level 11, -12/47 HPs)
             Began as a Spriggan Enchanter on Aug 7, 2021.
             Was an Initiate of Gozag.
             Killed from afar by a manticore (16 damage)
             ... with a volley of spikes
             ... on level 13 of the Dungeon.
             The game lasted 00:54:49 (18091 turns).

sasquatch the Unseen (Spriggan Enchanter)          Turns: 18091, Time: 00:54:49

Health: -12/47     AC:  2    Str:  4    XL:     11   Next: 57%
Magic:  9/19       EV: 23    Int: 17    God:    Gozag
Gold:   847        SH:  0    Dex: 25    Spells: 6/20 levels left

rFire    . . .     SeeInvis +   a - +1 dagger (venom)
rCold    . . .     Faith    .   (shield restricted)
rNeg     + . .     Spirit   .   r - +0 robe {rN+}
rPois    +         Reflect  .   (helmet restricted)
rElec    .         Harm     .   f - scarf {+Inv}
rCorr    .         Rampage  .   (gloves unavailable)
Will     +....                  (boots unavailable)
Stlth    +++++++...             (no amulet)
HPRegen  0.15/turn              I - +6 ring of dexterity
MPRegen  0.16/turn              m - ring of poison resistance

@: confusing by touch, spiked, very quick
A: very small, no large weapons, unfitting armour, see invisible, speed 3
a: Renounce Religion, Evoke Invisibility, Potion Petition, Call Merchant, Bribe
Branch


You were on level 13 of the Dungeon.
You worshipped Gozag.
Gozag was pleased with you.
You visited 3 branches of the dungeon, and saw 15 of its levels.

You collected 1123 gold pieces.
You spent 126 gold pieces at shops.
You paid 150 gold pieces to Gozag.

Inventory:

Hand Weapons
 a - a +1 dagger of venom (weapon)
 b - a +1 short sword of holy wrath
 D - a +4 short sword of freezing
Missiles
 v - 58 poisoned darts
 w - a throwing net
 x - 2 datura-tipped darts
 F - 2 curare-tipped darts
 H - 2 atropa-tipped darts
Armour
 f - a scarf of invisibility (worn)
 r - a +0 robe of positive energy (worn)
Jewellery
 d - a ring of flight
 m - a ring of poison resistance (right hand)
 z - a ring of willpower
 E - a ring of ice
 I - a +6 ring of dexterity (left hand)
 L - a ring of fire
Wands
 h - a wand of charming (7)
 J - a wand of paralysis (6)
Scrolls
 c - 3 scrolls of fear
 e - a scroll of identify
 j - 3 scrolls of fog
 k - 5 scrolls of teleportation
 o - 4 scrolls of vulnerability
 p - 2 scrolls of immolation
 y - 2 scrolls of blinking
 B - a scroll of amnesia {unknown}
 C - a scroll of enchant armour {unknown}
 G - a scroll of brand weapon {unknown}
 M - a scroll of summoning {unknown}
Potions
 g - 5 potions of resistance
 i - 2 potions of mutation
 l - 4 potions of haste
 q - 3 potions of magic
 s - a potion of brilliance
 t - 2 potions of cancellation
 u - 2 potions of curing
 K - a potion of might
Miscellaneous
 n - a phantom mirror


   Skills:
 - Level 10.0 Short Blades
 + Level 6.4 Dodging
 + Level 15.7 Stealth
 - Level 5.0 Spellcasting
 + Level 12.7 Hexes
 - Level 5.0 Translocations


You had 6 spell levels left.
You knew the following spells:

 Your Spells              Type           Power      Damage    Failure   Level
a - Corona                Hex            52%        N/A       1%          1
b - Ensorcelled Hibernat  Hex/Ice        50%        N/A       1%          2
c - Confusing Touch       Hex            47%        N/A       1%          3
d - Tukima's Dance        Hex            47%        N/A       1%          3
e - Dazzling Flash        Conj/Hex       50%        N/A       3%          3
f - Blink                 Tloc           N/A        N/A       2%          2

Your spell library contained the following spells:

 Spells                   Type           Power      Damage    Failure   Level
 Portal Projectile        Hex/Tloc       68%        N/A       1%          3
 Inner Flame              Hex/Fire       25%        N/A       3%          3
 Summon Guardian Golem    Hex/Summ       25%        N/A       3%          3
 Lesser Beckoning         Tloc           10%        N/A       5%          3
 Leda's Liquefaction      Hex/Erth       12%        N/A       11%         4
 Foxfire                  Conj/Fire      16%        2x1d4     14%         1
 Sting                    Tmut/Pois      16%        1d3       14%         1
 Summon Small Mammal      Summ           16%        N/A       14%         1
 Poisonous Vapours        Pois/Air       8%         N/A       22%         2
 Call Canine Familiar     Summ           4%         N/A       38%         3
 Conjure Flame            Conj/Fire      4%         6-21      38%         3
 Manifold Assault         Tloc           21%        N/A       45%         5
 Olgreb's Toxic Radiance  Pois           4%         N/A       80%         4
 Blade Hands              Tmut           2%         N/A       98%         5
 Excruciating Wounds      Necr           2%         N/A       98%         5


Dungeon Overview and Level Annotations

Branches:
Dungeon (12/15)            Temple (1/1) D:5            Lair (1/6) D:10
    Orc (0/2) D:10

Altars:
Ashenzari
Cheibriados
Dithmenos
Elyvilon
Fedhas
Gozag
Hepliaklqana
Kikubaaqudgha
Makhleb
Nemelex Xobeh
Okawaru
Qazlal
Ru
Sif Muna
Trog
Uskayaw
Vehumet
Wu Jian
Xom
Yredelemnul
Zin
The Shining One
Beogh

Shops:
D:5 (   D:6 ?

Portals:
Trove: D:11 (give +5 demon whip)

Annotations:
D:7 exclusion: door


Innate Abilities, Weirdness & Mutations

You are very small and have problems with some larger weapons.
You are too small for most types of armour.
You have supernaturally acute eyesight. (SInv)
You cover ground extremely quickly. (Speed+++)


Message History

Your hands begin to glow red.
You start resting.
A manticore is nearby!
The manticore bites you! The manticore claws you!
The manticore completely misses you.
Casting: Confusing Touch (safe; 1% risk of failure)
Confirm with . or Enter, or press ? or * to list all spells.
The manticore completely misses you. The manticore claws you.
The manticore completely misses you.
You hit the manticore but do no damage.
Your hands stop glowing.
Casting: Dazzling Flash (dangerous; 3% risk of failure)
Confirm with . or Enter, or press ? or * to list all spells.
The manticore completely misses you. x2; The manticore claws you.
Casting: Dazzling Flash (dangerous; 3% risk of failure)
Confirm with . or Enter, or press ? or * to list all spells.
Aiming: Ensorcelled Hibernation (safe; 1% risk of failure)
Press: ? - help, Shift-Dir - straight line, f - manticore
Aim: a manticore (chance to affect: 37%)
Okay, then.
Casting: Ensorcelled Hibernation (safe; 1% risk of failure)
Confirm with . or Enter, or press ? or * to list all spells.
Your hands begin to glow red.
The manticore bites you!
* * * LOW HITPOINT WARNING * * *
The manticore barely misses you. The manticore misses you.
You feel much better. The manticore completely misses you.
The manticore closely misses you. The manticore claws you!
You hit the manticore but do no damage. The manticore misses you.
The manticore claws you!
* * * LOW HITPOINT WARNING * * *
The manticore barely misses you.
You hit the manticore but do no damage. The manticore barely misses you.
The manticore misses you. The manticore claws you.
* * * LOW HITPOINT WARNING * * *
The manticore flicks its tail.
The volley of spikes hits you!
The barbed spikes become lodged in your body.
You die...
Your body crumbles into a pile of gold.

##########################
#........(................
##.....###@....###.........
#......##.............###..
#.#######H#######.....##...
#.# #.# #.......... #.# #.#
###########
#.#######.####### #...#
#.....).#.#...... #.#.#
#.......#.#...... #.
#.(.....#.#...... #


You could see a manticore.

Vanquished Creatures
  A centaur warrior (D:13)
  2 two-headed ogres
  An ugly thing (D:13)
  A kobold demonologist (D:9)
  2 unseen horrors
  A hornet (D:8)
  2 polar bears (D:11)
  A blink frog (D:10)
  Sigmund (D:3)
  A vampire (D:9)
  2 wraiths
  3 yaks (D:11)
  2 steam dragons (D:6)
  6 vampire mosquitoes (D:12)
  3 wargs (D:10)
  An acid dragon (D:7)
  2 water moccasins
  2 orc warriors
  2 sky beasts
  A hornet zombie (D:6)
  An ice beast (D:7)
  2 necrophages
  4 centaurs
  3 ogres
  A phantom (D:4)
  6 kobold brigands
  7 bullfrogs
  A gnoll sergeant (D:10)
  3 scorpions
  2 wyvern zombies
  12 killer bees
  16 wights
  4 howler monkeys
  2 bullfrog zombies (D:6)
  A centaur zombie (D:8)
  2 hounds
  14 orc priests
  2 jellies
  2 centaur skeletons
  A gnoll shaman (D:7)
  Jessica (D:3)
  15 orc wizards
  4 iguanas
  Natasha (D:3)
  A howler monkey zombie (D:10)
  Robin (D:2)
  A howler monkey skeleton (D:5)
  3 adders
  6 gnolls
  3 white imps
  2 adder skeletons (D:4)
  3 dart slugs
  2 worms (D:3)
  59 orcs
  7 ball pythons
  5 bats (D:1)
  5 endoplasms
  7 giant cockroaches
  8 goblins
  10 hobgoblins
  2 jackals (D:2)
  4 quokkas
  3 training dummies (D:5)
  2 frilled lizards (D:2)
  31 kobolds
  A rat (D:1)
310 creatures vanquished.

Vanquished Creatures (others)
  A hound (D:6)
  2 plants
3 creatures vanquished.

Grand Total: 313 creatures vanquished

Notes
Turn   | Place    | Note
-------+----------+-------------------------------------------
     0 | D:1      | sasquatch the Spriggan Enchanter began the quest for the
                  | Orb.
     0 | D:1      | Reached XP level 1. HP: 9/9 MP: 5/5
    71 | D:1      | Reached XP level 2. HP: 12/13 MP: 6/6
    86 | D:1      | Learned a level 2 spell: Ensorcelled Hibernation
   137 | D:1      | You are sucked into a shaft and drop 1 floor!
   298 | D:2      | Reached skill level 5 in Stealth
   440 | D:2      | Reached XP level 3. HP: 5/16 MP: 8/8
   658 | D:1      | Learned a level 3 spell: Confusing Touch
  1682 | D:3      | Noticed Jessica
  1901 | D:3      | Killed Jessica
  1902 | D:3      | Reached XP level 4. HP: 21/21 MP: 9/9
  1919 | D:3      | Found an opulent altar of Gozag.
  1956 | D:3      | Noticed Robin
  2223 | D:2      | Killed Robin
  2375 | D:3      | Reached skill level 6 in Stealth
  2383 | D:3      | Reached skill level 5 in Hexes
  2386 | D:3      | Reached XP level 5. HP: 14/24 MP: 3/10
  2768 | D:3      | Noticed Sigmund
  2773 | D:3      | Killed Sigmund
  2774 | D:3      | Reached skill level 7 in Stealth
  2774 | D:3      | Reached XP level 6. HP: 28/28 MP: 11/11
  2986 | D:3      | Noticed Natasha
  2989 | D:3      | Killed Natasha
  3763 | D:4      | Reached skill level 8 in Stealth
  3763 | D:4      | Reached XP level 7. HP: 28/32 MP: 6/12
  4379 | D:4      | Reached skill level 5 in Short Blades
  4888 | D:5      | Entered Level 5 of the Dungeon
  4976 | D:5      | Reached skill level 9 in Stealth
  5161 | D:5      | Learned a level 3 spell: Tukima's Dance
  5187 | D:5      | Identified the +9 war axe "Numn" {vorpal, +Blink rN+}
  5380 | D:5      | Found a staircase to the Ecumenical Temple.
  5391 | D:5      | Reached XP level 8. HP: 36/36 MP: 10/13
  5399 | Temple   | Entered the Ecumenical Temple
  5528 | Temple   | Became a worshipper of Uskayaw the Reveller
  5587 | D:5      | Found Diqaf's Firing Range.
  5603 | D:5      | Reached * piety under Uskayaw
  6089 | D:6      | Found Gupiqoed's Magic Scroll Shop.
  6254 | D:6      | Bought a scroll of fog for 28 gold pieces
  6254 | D:6      | Bought a scroll of identify for 28 gold pieces
  6254 | D:6      | Bought a scroll of teleportation for 42 gold pieces
  6254 | D:6      | Bought a scroll of identify for 28 gold pieces
  6267 | D:6      | Reached ** piety under Uskayaw
  6290 | D:6      | Reached skill level 10 in Stealth
  6302 | D:6      | Found a sparkling altar of Nemelex Xobeh.
  6355 | D:6      | Learned a level 3 spell: Dazzling Flash
  6876 | D:6      | Reached skill level 11 in Stealth
  6988 | D:6      | Found an iron altar of Okawaru.
  6988 | D:6      | Found a glowing golden altar of the Shining One.
  6990 | D:6      | Found a blossoming altar of Fedhas.
  7097 | D:6      | Reached XP level 9. HP: 9/39 MP: 10/14
  8545 | D:7      | Reached skill level 12 in Stealth
  9475 | D:7      | Reached skill level 10 in Hexes
 10269 | D:8      | Reached skill level 13 in Stealth
 10301 | D:8      | Reached *** piety under Uskayaw
 10517 | D:8      | Reached XP level 10. HP: 43/44 MP: 11/15
 12380 | D:9      | Noticed a two-headed ogre
 12387 | D:9      | Killed a two-headed ogre
 12388 | D:9      | Reached skill level 10 in Short Blades
 12388 | D:9      | Reached skill level 14 in Stealth
 13152 | D:3      | Fell from the grace of Uskayaw
 13152 | D:3      | Became a worshipper of Gozag Ym Sagoz the Greedy
 13621 | D:10     | Entered Level 10 of the Dungeon
 13726 | D:10     | Found a staircase to the Lair.
 14320 | D:10     | Learned a level 2 spell: Blink
 14326 | D:10     | Found a staircase to the Orcish Mines.
 14379 | D:10     | Reached skill level 1 in Translocations
 14733 | D:10     | Found a snail-covered altar of Cheibriados.
 15429 | D:10     | Reached skill level 5 in Translocations
 15471 | D:10     | Reached XP level 11. HP: 47/47 MP: 11/16
 15529 | D:10     | Identified the +0 kite shield of the Accordion {+Blink
                  | rPois Int-5}
 15634 | Lair:1   | Entered Level 1 of the Lair of Beasts
 15905 | D:10     | Paralysed by the fury of Uskayaw for 2 turns
 16127 | D:11     | Reached skill level 15 in Stealth
 16373 | D:11     | Noticed a two-headed ogre
 16436 | D:11     | Killed a two-headed ogre
 16437 | D:11     | Reached skill level 5 in Dodging
 16504 | D:11     | Found a bloodstained altar of Trog.
 16734 | D:11     | Found a portal to a secret trove of treasure.
 17509 | D:12     | Noticed a boulder beetle
 17963 | D:12     | You fall into a shaft and drop 1 floor!
 17963 | D:13     | Noticed a red ugly thing
 17967 | D:13     | Killed a red ugly thing
 18023 | D:13     | Noticed a centaur warrior
 18028 | D:13     | Killed a centaur warrior
 18029 | D:13     | Reached skill level 5 in Spellcasting
 18091 | D:13     | Killed from afar by a manticore

Illustrated notes

Levels and vault maps discovered:
D:1:      nicolae_arrival_washed_ashore, layout_loops_ring,
          minmay_misc_feat_more_columns
D:2:      layout_rooms, minmay_worlds_worst_comb
D:3:      layout_basic, old_standard_altar, uniq_jessica, uniq_robin,
          uniq_sigmund, uniq_natasha
D:4:      layout_basic
D:5:      layout_loops_ring, minmay_temple_entry_overgrown, minivault_5,
          nicolae_shop_firing_range
D:6:      layout_gridville, lemuel_tele_altar, gammafunk_temple_overflow_claw,
          minmay_shop_grid_forest, nrook_campfire, minmay_crossroads
D:7:      layout_loops_corners, grunt_ministairs_14
D:8:      layout_loops_corners, special_room [special_room_orc]
D:9:      layout_long_grid, patterned_corridor
D:10:     layout_loops_ring, kennysheep_slug_shrine, erik_lair_orcish_takeover,
          minmay_orc_entry_temple_small
D:11:     layout_irregular_city, nicolae_trove_entry_free_sample,
          trog_ov_bears_minmay
D:12:     layout_loops_ring
D:13:     layout_stronghold, serial_co_window_serial, co_window_corner_a,
          co_window_of_opportunity_a, co_window_paths_b,
          co_window_of_opportunity_a, co_window_corner_a, co_window_paths_b,
          co_window_unsneaky_path_c, co_window_broadway_b, co_window_corner_cb,
          co_window_cross_4, co_window_corner_b, co_window_of_opportunity_b,
          glass_columns_a, glass_columns_a, glass_columns_a,
          due_unseen_surprise, uniq_nessos, uniq_rupert, uniq_sonja
Temple:   eino_temple_rhombus
Lair:1:   layout_regular_city, grunt_megastairs_4

Skill      XL: |  1  2  3  4  5  6  7  8  9 10 11 |
---------------+----------------------------------+-----
Hexes          | 4 5 6 7 9 10 12 | 12.7
Stealth        | 5 6 7 8 9 11 13 14 15 | 15.7
Short Blades   | 2 3 4 5 7 9 10 | 10.0
Dodging        | 3 6 |  6.4
Translocations | 5 |  5.0
Spellcasting   | 5 |  5.0

Action                   |  1- 3 |  4- 6 |  7- 9 | 10-12 || total
-------------------------+-------+-------+-------+-------++-------
Melee: Dagger            |   101 |    82 |   264 |   438 ||   885
       Short sword       |       |    25 |    78 |    67 ||   170
Throw: Dart              |       |       |     2 |     7 ||     9
 Cast: Corona            |     1 |    10 |    33 |    47 ||    91
       Ensorcelled Hiber |     1 |    11 |    38 |    23 ||    73
       Confusing Touch   |       |     1 |    25 |    48 ||    74
       Dazzling Flash    |       |       |       |    33 ||    33
  Use: Scroll            |       |       |     9 |     3 ||    12
       Potion            |       |       |       |     2 ||     2
 Stab: Sleeping          |    15 |    11 |    40 |    26 ||    92
       Distracted        |       |     1 |     2 |       ||     3
       Confused          |       |     1 |    25 |    33 ||    59
       Invisible         |       |       |       |    23 ||    23
       Paralysed         |       |       |       |     1 ||     1
Armor: Robe              |     9 |     7 |     8 |    12 ||    36
Dodge: Dodged            |    52 |    55 |   181 |   273 ||   561
